 Dungeon Crawl Stone Soup version 0.27-a0-1105-g946c659c87 (webtiles) character file.

Game seed: 6232103345377808982

5203 Gaff the Thaumaturge (level 10, -19/77 HPs)
             Began as a Djinni Earth Elementalist on Apr 30, 2021.
             Was a High Priest of Nemelex Xobeh.
             Demolished by Urug
             ... wielding a +0 halberd
              (23 damage)
             ... on level 10 of the Dungeon.
             The game lasted 00:32:02 (13402 turns).

Gaff the Thaumaturge (Djinni Earth Elementalist)   Turns: 13402, Time: 00:32:03

Health: -19/77     AC:  9    Str:  7    XL:     10   Next: 60%
Gold:   207        EV: 13    Int: 25    God:    Nemelex Xobeh [*****.] SH:  0 Dex: 18

rFire    + . .     SeeInvis .   d - staff of conjuration
rCold    . . .     Faith    .   (no shield)
rNeg     . . .     Spirit   +   P - +2 robe {Archmagi}
rPois    ∞         Reflect  .   V - +3 helmet "Niuclump" {rCorr Int+5 Dex-2}
rElec    .         Harm     .   (no cloak)
rCorr    +         Rampage  .   W - +0 pair of gloves
Will     +....                  (boots unavailable)
Stlth    ++........             h - amulet of guardian spirit
HPRegen  0.22/turn              n - ring of ice
MPRegen  0.00/turn              G - +6 ring of dexterity

@: flying
A: fire resistance 2, cold vulnerability 1, float, innate caster, hp casting,
extra vitality 1
a: Renounce Religion, Draw Escape, Draw Destruction, Draw Summoning, Triple
Draw, Deal Four, Stack Five


You were on level 10 of the Dungeon.
You worshipped Nemelex Xobeh.
Nemelex Xobeh was extremely pleased with you.
You visited 2 branches of the dungeon, and saw 11 of its levels.

You collected 644 gold pieces.
You spent 437 gold pieces at shops.

Inventory:

Hand Weapons
 m - a +0 dagger of venom
 A - a +2 whip of electrocution
 B - a +1 vorpal flail
 I - a +1 hand axe of electrocution
 O - a +1 dagger of flaming
Missiles
 b - 250 stones
 f - 15 boomerangs
 j - 2 throwing nets
 u - 8 javelins
 H - 7 atropa-tipped darts
 S - 4 curare-tipped darts
Armour
 c - a +0 robe
 l - +0 steam dragon scales
 o - a +0 leather armour
 M - a +0 leather armour
 P - a +2 robe of the Archmagi (worn)
 V - the +3 helmet "Niuclump" (worn) {rCorr Int+5 Dex-2}
   (You found it on level 8 of the Dungeon)

   It affects your intelligence (+5).
   It affects your dexterity (-2).
   It protects you from acid and corrosion.
 W - a +0 pair of gloves (worn)
Magical Staves
 d - a staff of conjuration (weapon)
 J - a staff of air
Jewellery
 h - an amulet of guardian spirit (around neck)
 n - a ring of ice (left hand)
 G - a +6 ring of dexterity (right hand)
 L - a +6 ring of dexterity
 R - an amulet of magic regeneration
Wands
 r - a wand of flame (5)
 N - a wand of acid (7)
 Q - a wand of charming (10)
 T - a wand of iceblast (24)
Scrolls
 i - a scroll of torment
 p - 3 scrolls of immolation
 x - a scroll of fog
 y - 2 scrolls of fear {unknown}
 C - a scroll of summoning {unknown}
 D - 4 scrolls of teleportation {unknown}
 E - a scroll of magic mapping
 K - a scroll of enchant armour
 U - a scroll of acquirement {unknown}
 X - a scroll of brand weapon {unknown}
 Y - a scroll of vulnerability {unknown}
Potions
 a - 4 potions of curing {unknown}
 e - 4 potions of brilliance {unknown}
 g - a potion of lignification {unknown}
 k - a potion of invisibility
 q - 3 potions of attraction {unknown}
 s - a potion of berserk rage {unknown}
 t - a potion of cancellation {unknown}
 v - 4 potions of might {unknown}
 w - 3 potions of flight {unknown}
 z - 3 potions of haste {unknown}
 F - 2 potions of degeneration {unknown}


   Skills:
 + Level 8.5 Fighting
 + Level 1.3 Armour
 - Level 2.4 Dodging
 - Level 1.5 Stealth
 * Level 10.5 Spellcasting
 - Level 3.3 Invocations


You had 6 spell levels left.
You knew the following spells:

 Your Spells              Type           Power      Damage    Failure   Level
a - Sandblast             Erth           100%       2d20      1%          1
b - Passwall              Tmut/Erth      65%        N/A       1%          2
c - Stone Arrow           Conj/Erth      100%       3d13      1%          3
d - Petrify               Tmut/Erth      78%        N/A       1%          4
e - Lee's Rapid Deconstr  Erth           39%        3d20*     1%          5
f - Corona                Hex            86%        N/A       1%          1
g - Static Discharge      Conj/Air       99%        N/A       1%          2
h - Dazzling Flash        Conj/Hex       100%       N/A       1%          3
i - Lesser Beckoning      Tloc           39%        N/A       1%          3
Your spell library was empty.

Dungeon Overview and Level Annotations

Branches:
Dungeon (10/15)            Temple (1/1) D:4
   Lair: D:8-11         Orc: D:9-12

Altars:
Ashenzari
Cheibriados
Dithmenos
Elyvilon
Fedhas
Gozag
Hepliaklqana
Kikubaaqudgha
Nemelex Xobeh
Okawaru
Qazlal
Ru
Sif Muna
Trog
Uskayaw
Vehumet
Wu Jian
Xom
Zin
The Shining One

Shops:
D:5 =   D:7 [   D:8 (*[[[

Annotations:
D:10 Urug


Innate Abilities, Weirdness & Mutations

You are immune to poison.
Your flesh is very heat resistant. (rF++)
You are vulnerable to cold. (rC-)
You float through the air rather than walking.
You learn spells naturally, not from books.
Your magical power is your life essence.
You have superior vitality. (+4 HP)


Message History

The blast of rock fragments hits Urug!!
Urug is moderately wounded.
Urug shouts!
Urug hits you from afar with a +0 halberd!!
Casting: Lee's Rapid Deconstruction (dangerous; 1% risk of failure)
Confirm with . or Enter, or press ? or * to list all spells.
You feel a strong surge of power!
Urug is dazzled.
Urug barely misses you.
Casting: Dazzling Flash (safe; 1% risk of failure)
Confirm with . or Enter, or press ? or * to list all spells.
Aiming: Lee's Rapid Deconstruction (dangerous; 1% risk of failure)
Press: ? - help, Dir - move target, p - Urug A rock wall.
You feel a surge of power!
The wall shatters!
The blast of rock fragments hits Urug.
Urug is heavily wounded.
Urug closely misses you.
Casting: Lee's Rapid Deconstruction (dangerous; 1% risk of failure)
Confirm with . or Enter, or press ? or * to list all spells.
Aiming: Lee's Rapid Deconstruction (dangerous; 1% risk of failure)
Press: ? - help, Dir - move target A rock wall.
You feel a surge of power!
The wall shatters!
The blast of rock fragments hits Urug!
Urug is severely wounded.
* * * LOW HITPOINT WARNING * * *
Urug is no longer blind.
Urug misses you.
Casting: Lee's Rapid Deconstruction (dangerous; 1% risk of failure)
Confirm with . or Enter, or press ? or * to list all spells.
You feel a strong surge of power!
* * * LOW HITPOINT WARNING * * *
Urug hits you from afar with a +0 halberd!
* * * LOW HITPOINT WARNING * * *
You draw a card...
You have drawn Velocity.
Nothing appears to happen.
Urug hits you from afar with a +0 halberd!!
* * * LOW HITPOINT WARNING * * *
Okay, then.
You fail to use your ability.
Urug hits you from afar with a +0 halberd!!
You die...
Your body glows slightly and disappears.

#.......# ####### #.......#
#.....# #.......#
##.###.###.......#
..........#+##'#######
.......##.#.##.......#####
............##.o######...##
........#...#...#####.....##
............#..#@..#.......###
.[.....#....#......#.^._.....#
##..........#......#.......#.#
#..........#......##.....##.#
#....?.....+.......##...###.###
#..o.......#.....)..######....#
#............<..........##.##.#
#..........##...........##.##.#
#...........>.......#......##.#


You could see Urug.

Vanquished Creatures
  A manticore (D:6)
  Maggie (D:9)
  A hornet (D:8)
  3 meliai (D:8)
  A shadow (D:10)
  A vampire (D:9)
  3 steam dragons
  A black bear (D:5)
  A sky beast (D:7)
  4 orc warriors
  3 ice beasts
  2 ogres (D:4)
  5 centaurs
  2 kobold brigands
  5 bullfrogs
  2 scorpions
  3 water moccasin skeletons
  A bullfrog zombie (D:5)
  2 centaur zombies
  2 centaur skeletons (D:7)
  4 hounds
  A jelly (D:7)
  5 orc priests
  A bullfrog skeleton (D:6)
  An iguana (D:4)
  5 orc wizards
  4 gnolls (D:5)
  5 adders
  A shadow imp (D:7)
  A white imp (D:6)
  An ufetubus (D:4)
  2 worms
  2 dart slugs
  32 orcs
  8 ball pythons
  13 endoplasms
  5 goblins
  6 hobgoblins
  9 jackals
  13 kobolds
  8 quokkas
  5 bats
  7 frilled lizards
  7 rats
190 creatures vanquished.

Vanquished Creatures (others)
  A butterfly (D:9)
  A plant (D:8)
2 creatures vanquished.

Grand Total: 192 creatures vanquished

Notes
Turn   | Place    | Note
-------+----------+-------------------------------------------
     0 | D:1      | Gaff the Djinni Earth Elementalist began the quest for the
                  | Orb.
     0 | D:1      | Reached XP level 1. HP: 15/15 MP: 0/0
   332 | D:1      | Reached XP level 2. HP: 14/22 MP: 0/0
   503 | D:1      | Reached skill level 3 in Spellcasting
  1047 | D:1      | Found a faded altar of an unknown god.
  1070 | D:1      | Became a worshipper of Nemelex Xobeh the Trickster
  1070 | D:1      | Reached * piety under Nemelex Xobeh
  1107 | D:1      | Received a gift from Nemelex Xobeh
  1313 | D:1      | Reached skill level 1 in Fighting
  1396 | D:2      | Reached XP level 3. HP: 19/27 MP: 0/0
  1396 | D:2      | Learned a level 1 spell: Corona
  2914 | D:3      | Reached XP level 4. HP: 22/32 MP: 0/0
  3227 | D:3      | You are sucked into a shaft and drop 2 floors!
  3227 | D:5      | Entered Level 5 of the Dungeon
  3282 | D:5      | Reached skill level 4 in Spellcasting
  3359 | D:5      | Reached ** piety under Nemelex Xobeh
  3392 | D:5      | Reached XP level 5. HP: 19/38 MP: 0/0
  3392 | D:5      | Learned a level 2 spell: Static Discharge
  3967 | D:5      | Found Xosa's Jewellery Shop.
  4108 | D:5      | Noticed an ice beast
  4110 | D:5      | Killed an ice beast
  4111 | D:5      | Reached XP level 6. HP: 40/46 MP: 0/0
  4191 | D:5      | Noticed a black bear
  4194 | D:5      | Killed a black bear
  4195 | D:5      | Reached skill level 5 in Spellcasting
  4267 | D:5      | Noticed an ice beast
  4271 | D:5      | Killed an ice beast
  4272 | D:5      | Reached XP level 7. HP: 44/51 MP: 0/0
  4272 | D:5      | Learned a level 3 spell: Dazzling Flash
  4286 | D:4      | Found an opulent altar of Gozag.
  4286 | D:4      | Found a stormy altar of Qazlal.
  4286 | D:4      | Found a blossoming altar of Fedhas.
  4286 | D:4      | Found a sparkling altar of Nemelex Xobeh.
  4504 | D:4      | Found a staircase to the Ecumenical Temple.
  4514 | Temple   | Entered the Ecumenical Temple
  5266 | D:4      | Reached skill level 6 in Spellcasting
  6088 | D:4      | Reached XP level 8. HP: 55/58 MP: 0/0
  6267 | D:4      | Reached *** piety under Nemelex Xobeh
  7311 | D:5      | Received a gift from Nemelex Xobeh
  7735 | D:6      | Reached skill level 5 in Fighting
  7786 | D:6      | Reached skill level 7 in Spellcasting
  8367 | D:6      | Noticed a manticore
  8370 | D:6      | Killed a manticore
  8371 | D:6      | Reached skill level 8 in Spellcasting
  8447 | D:6      | Reached XP level 9. HP: 52/66 MP: 0/0
  8447 | D:6      | Learned a level 3 spell: Lesser Beckoning
  8783 | D:6      | Reached **** piety under Nemelex Xobeh
  9533 | D:7      | Found Xobot Hiyceg's Armour Boutique.
  9547 | D:7      | Bought a +2 robe of the Archmagi for 377 gold pieces
  9563 | D:7      | Reached skill level 9 in Spellcasting
  9794 | D:7      | Found a glowing golden altar of the Shining One.
 10443 | D:8      | Received a gift from Nemelex Xobeh
 10594 | D:8      | Found Zettar Idif's Armour Emporium.
 10597 | D:8      | Identified the +3 helmet "Niuclump" {rCorr Int+5 Dex-2}
 10779 | D:8      | Found Abrunon's Antique Armour Shop.
 10812 | D:8      | Found Covirgh's Antique Armour Shop.
 10816 | D:8      | Found Bamacifoga's Assorted Antiques.
 10831 | D:8      | Bought a scroll labelled BIDYHO QYRIOSK for 30 gold pieces
 10831 | D:8      | Bought a scroll labelled KUTISTR XUILU for 30 gold pieces
 10839 | D:8      | Found Ruheclo's Antique Weapon Shoppe.
 10842 | D:8      | Noticed a hornet
 10849 | D:8      | Killed a hornet
 10850 | D:8      | Reached skill level 1 in Invocations
 11094 | D:8      | Received a gift from Nemelex Xobeh
 11141 | D:8      | Reached XP level 10. HP: 63/76 MP: 0/0
 11288 | D:8      | Reached skill level 10 in Spellcasting
 11993 | D:9      | Noticed Maggie
 12008 | D:9      | Killed Maggie
 12198 | D:9      | Found a white marble altar of Elyvilon.
 12204 | D:9      | Received a gift from Nemelex Xobeh
 12209 | D:9      | Reached ***** piety under Nemelex Xobeh
 12750 | D:10     | Entered Level 10 of the Dungeon
 12960 | D:10     | Reached skill level 1 in Armour
 13239 | D:10     | Received a gift from Nemelex Xobeh
 13240 | D:10     | Noticed Urug
 13401 | D:10     | HP: 3/77 [Urug/+0 halberd (20)]
 13402 | D:10     | Demolished by Urug

Illustrated notes

Levels and vault maps discovered:
D:1:      lemuel_arrival_hallway, layout_basic,
          hellmonk_ecumenical_altar_pennies_from_heaven
D:2:      layout_rooms
D:3:      layout_basic, minmay_vboxes
D:4:      minmay_bubble_buster, layout_layer_cave,
          nicolae_overflow_hidden_temple, minmay_temple_entry_drinking_statues
D:5:      layout_loops_cross, serial_shops, shop_coins
D:6:      layout_basic, minmay_misc_feat_pillars, minmay_misc_feat_iff
D:7:      layout_loops_ring, nicolae_tso_carved_into_rock, serial_shops, shop
D:8:      layout_loops_ring, serial_shops, shop, shop,
          nicolae_shop_overgrown_old_shop, nicolae_shop_trees, shop,
          hangedman_decor_riveting
D:9:      layout_basic, nicolae_elyvilon_peaceful_grove, uniq_maggie
D:10:     layout_basic, lemuel_tele_altar, lemuel_round_altar,
          chequers_temple_overflow_statue_of_worship, serial_park_tiny_2,
          kennysheep_generic_room_9, uniq_urug
Temple:   minmay_temple_bridge_abc

Skill      XL: |  1  2  3  4  5  6  7  8  9 10 |
---------------+-------------------------------+-----
Spellcasting   | 3 4 5 6 8 9 10 | 10.5
Fighting       | 1 2 3 4 6 7 8 |  8.5
Invocations    | 1 3 |  3.3
Armour         | 1 |  1.3
Dodging        | |  2.4
Stealth        | |  1.5

Action                   |  1- 3 |  4- 6 |  7- 9 | 10-12 || total
-------------------------+-------+-------+-------+-------++-------
Melee: Staff             |    93 |     8 |     2 |     1 ||   104
 Cast: Sandblast         |    40 |    18 |       |       ||    58
       Stone Arrow       |       |    19 |   117 |     4 ||   140
       Static Discharge  |       |       |     1 |       ||     1
       Dazzling Flash    |       |       |     1 |     2 ||     3
       Lee's Rapid Decon |       |       |     7 |    33 ||    40
       Corona            |       |       |     1 |     1 ||     2
       Lesser Beckoning  |       |       |     1 |       ||     1
Invok: Draw Destruction  |       |     1 |       |       ||     1
       Draw Escape       |       |       |       |     1 ||     1
       Draw Summoning    |       |       |       |     1 ||     1
  Use: Scroll            |       |       |     7 |       ||     7
 Stab: Sleeping          |     1 |       |       |       ||     1
Armor: Robe              |    18 |     1 |     2 |     3 ||    24
Dodge: Dodged            |    94 |    17 |    11 |     6 ||   128

Table legend: (Time is in decaauts)
 A = Elapsed time spent in this place.
 B = Non-inter-level travel time spent in this place.
 C = Inter-level travel time spent in this place.
 D = Time resting spent in this place.
 E = Time spent auto-exploring this place.
 F = Levels seen in this place.
 G = Mean time per level.
                   A        B        C        D        E       F      G
               +--------+--------+--------+--------+--------+-----+--------+
         Total |  13436 |  12725 |    711 |   5042 |   5409 |  11 | 1221.5 |
       Dungeon |  13275 |  12580 |    695 |   5042 |   5266 |  10 | 1327.5 |
        Temple |    160 |    144 |     16 |      0 |    143 |   1 |  160.0 |
               +--------+--------+--------+--------+--------+-----+--------+

Top non-repeatable levels by time:
     D:4: 2130 daAuts
     D:5: 1618 daAuts
     D:1: 1534 daAuts
     D:7: 1469 daAuts
     D:6: 1442 daAuts
     D:3: 1425 daAuts
     D:9: 1302 daAuts
     D:8: 1082 daAuts
     D:2: 802 daAuts
    D:10: 468 daAuts
  Temple: 160 daAuts
